 Dungeon Crawl Stone Soup version 0.17-a0-1475-g9f81d98 (webtiles) character file.

1679 stanislav the Grappler (level 8, -2/66 HPs)
             Began as a Troll Monk on July 2, 2015.
             Slain by a gnoll
             ... wielding a +0 spear
              (3 damage)
             ... on level 6 of the Dungeon.
             The game lasted 00:06:29 (3965 turns).

stanislav the Grappler (Troll Monk)                 Turns: 3965, Time: 00:06:29

Health: -2/66      AC:  6    Str: 24    XL:     8   Next: 70%
Magic:  6/6        EV: 10    Int:  8    God:
Gold:   190        SH:  0    Dex: 12    Spells: 0 memorised, 7 levels left

rFire  . . .     SeeInvis +       - Unarmed
rCold  . . .     Clarity  .     w - +1 robe of the King of the Hill {+Inv rPois Str+4}
rNeg   . . .     SustAt   .     (no shield)
rPois  +         Gourm    +     (helmet restricted)
rElec  .         Spirit   .     (no cloak)
rCorr  .         Warding  .     (gloves unavailable)
rMut   .         Stasis   .     (boots unavailable)
MR     .....                    (no amulet)
Stlth  +.........               (no ring)
                                d - ring of see invisible

@: not resistant to hostile enchantments, very unstealthy
A: unfitting armour, claws 3, fast metabolism 3, frail 1, gourmand, low mp 1,
regeneration 2, shaggy fur 1, tough skin 2, wild magic 1
a: Evoke Invisibility


You were on level 6 of the Dungeon.
You were very full.

You visited 1 branch of the dungeon, and saw 6 of its levels.

You collected 190 gold pieces.

Inventory:

Hand weapons
 o - a +0 giant club
Armour
 w - the +1 robe of the King of the Hill (worn) {+Inv rPois Str+4}
   (You found it on level 5 of the Dungeon)

   It affects your strength (+4).
   It protects you from poison.
   It lets you turn invisible.
Jewellery
 d - a ring of see invisible (left claw)
 j - an uncursed ring of fire
 n - an uncursed ring of fire
Magical devices
 e - a wand of draining (9)
 m - a wand of lightning (8)
 u - a wand of fireball (4)
Scrolls
 a - a scroll of summoning {unknown}
 c - 5 scrolls of identify
 f - a scroll of fear
 g - a scroll of remove curse
 r - 2 scrolls of teleportation
 s - a scroll of magic mapping
 t - a scroll of enchant weapon
Potions
 k - 3 potions of curing
 p - a potion of agility
 q - a potion of magic
 v - a potion of heal wounds
Comestibles
 b - 8 bread rations
 h - a fruit
 i - a meat ration


   Skills:
 - Level 2.4 Fighting
 - Level 2.4 Dodging
 - Level 1.1 Stealth
 * Level 11.6 Unarmed Combat


You had 7 spell levels left.
You didn't know any spells.

Dungeon Overview and Level Annotations

Branches:
Dungeon (6/15)
 Temple: D:4-7

Altars:
Cheibriados
Elyvilon
Zin

Shops:
D:6 *

Annotations:
D:6 stanislav's ghost, experienced TrMo


Innate Abilities, Weirdness & Mutations

You are too large for most types of armour.
You have claws for hands.
Your metabolism is lightning-fast.
You like to eat raw meat.
You heal very quickly.
You are covered in fur (AC +1).
You have very tough skin (AC +2).
You are frail (-10% HP).
Your magical capacity is low (-10% MP).
Your spells are a little harder to cast, but a little more powerful.


Message History

The gnoll hits you from afar with a spear.
Stanislav's ghost hits you.
Stanislav's ghost wails, "I have seen your future, and it is all used up."
You closely miss stanislav's ghost.
Stanislav's ghost is moderately damaged.
Stanislav's ghost hits you!
Drink which item? (? for menu, Esc to quit)
Okay, then.
You mangle stanislav's ghost!!
Stanislav's ghost is severely damaged.
Stanislav's ghost hits you.
You scratch stanislav's ghost.
Stanislav's ghost is severely damaged.
The gnoll hits you but does no damage.
You barely miss stanislav's ghost.
Stanislav's ghost is severely damaged.
Stanislav's ghost hits you!!
* * * LOW HITPOINT WARNING * * *
The gnoll hits you from afar with a spear.
You die...

#.)...#....#..
#######.#..###..
#............##.
########.#####.(...#.##
................<...>.#
########.)........#.#..
####...#...#...#
#######...#.#.#####
#.@.........#.# #.
#W#######.###.# #.#
#g..#....(....# ..
###.#.###.#####
#.###.gg#.# #∩#
#..##.###.# #.# .
#.##.....# #.#
....###g.#g.#### #.#
....ggg..g..# #.#


You could see stanislav's ghost and a gnoll.

Vanquished Creatures
  Pikel (D:4)
  Grinder (D:3)
  Sigmund (D:5)
  A water moccasin (D:5)
  A phantom (D:4)
  2 ogres
  A slave (D:4)
  A centaur (D:5)
  2 crimson imps
  A giant frog zombie (D:5)
  An orc priest (D:5)
  A giant frog skeleton (D:5)
  An iguana (D:4)
  An orc wizard (D:5)
  Jessica (D:3)
  A worker ant (D:5)
  A hound skeleton (D:4)
  2 worker ant zombies (D:5)
  6 adders
  3 oozes
  An adder skeleton (D:5)
  A worm (D:3)
  6 giant geckos
  3 orcs
  A ball python (D:3)
  10 bats
  A bat skeleton (D:4)
  3 giant cockroaches
  15 goblins
  11 hobgoblins
  14 jackals
  13 kobolds
  5 giant newts
  A quokka (D:4)
  12 rats
127 creatures vanquished.

Vanquished Creatures (others)
  A slave (D:4)
  A worker ant (D:4)
  A worm (D:4)
  A bat (D:4)
4 creatures vanquished.

Grand Total: 131 creatures vanquished

Notes
Turn   | Place    | Note
--------------------------------------------------------------
     0 | D:1      | stanislav the Troll Monk began the quest for the Orb.
     0 | D:1      | Reached XP level 1. HP: 22/22 MP: 0/0
    93 | D:1      | Reached XP level 2. HP: 29/29 MP: 1/1
   580 | D:2      | Reached skill level 5 in Unarmed Combat
   580 | D:2      | Reached XP level 3. HP: 36/36 MP: 2/2
   723 | D:2      | Found a glowing silver altar of Zin.
  1033 | D:3      | Reached XP level 4. HP: 44/44 MP: 3/3
  1037 | D:3      | Found a white marble altar of Elyvilon.
  1228 | D:3      | Noticed Jessica
  1237 | D:3      | Killed Jessica
  1237 | D:3      | Reached skill level 6 in Unarmed Combat
  1687 | D:3      | Reached XP level 5. HP: 31/50 MP: 4/4
  1706 | D:3      | Gained mutation: You are frail (-10% HP). [potion of mutation]
  1706 | D:3      | Gained mutation: Your spells are a little harder to cast, but a little more powerful. [potion of mutation]
  1706 | D:3      | Gained mutation: Your magical capacity is low (-10% MP). [potion of mutation]
  1743 | D:3      | Noticed Grinder
  1751 | D:3      | Killed Grinder
  1751 | D:3      | Reached skill level 7 in Unarmed Combat
  1751 | D:3      | Reached XP level 6. HP: 53/53 MP: 4/4
  2105 | D:4      | Noticed Pikel
  2152 | D:4      | Killed Pikel
  2152 | D:4      | Reached skill level 9 in Unarmed Combat
  2152 | D:4      | Reached XP level 7. HP: 16/59 MP: 5/5
  2158 | D:4      | HP: 1/59 [freed slave[Pikel] (6)]
  2613 | D:4      | Reached skill level 10 in Unarmed Combat
  2620 | D:4      | Reached XP level 8. HP: 54/66 MP: 6/6
  3079 | D:5      | Entered Level 5 of the Dungeon
  3089 | D:5      | Got an ominously black robe
  3100 | D:5      | Identified the +1 robe of the King of the Hill {+Inv rPois Str+4} (You found it on level 5 of the Dungeon)
  3398 | D:5      | Noticed Sigmund
  3406 | D:5      | Killed Sigmund
  3406 | D:5      | Reached skill level 11 in Unarmed Combat
  3885 | D:6      | Found a snail-covered altar of Cheibriados.
  3928 | D:6      | Found Ratu's General Store.
  3942 | D:6      | Noticed stanislav's ghost (experienced TrMo)
  3965 | D:6      | HP: 1/66 [stanislav's ghost (25)]
  3965 | D:6      | Slain by a gnoll

Vault maps used:
D:1:      lemuel_arrival_hallway
D:2:      old_standard_altar, first_bread
D:3:      elyvilon_altar_5, uniq_grinder, uniq_jessica
D:4:      minmay_statues_item, uniq_pikel
D:5:      uniq_sigmund
D:6:      okawaru_gym_becter, lemuel_round_altar, serial_shops, shop,
          uniq_duvessa

Action                   |  1- 3 |  4- 6 |  7- 9 || total
-------------------------+-------+-------+-------++-------
Melee: Unarmed           |   106 |    93 |   137 ||   336
  Use: Scroll            |       |     5 |     2 ||     7
       Potion            |       |     4 |     4 ||     8
 Stab: Sleeping          |     1 |     2 |     3 ||     6
  Eat: Chunk             |    13 |     9 |    19 ||    41
